 Dungeon Crawl Stone Soup version 0.31-a0-881-ge136f0c47a (webtiles) character file.

Game seed: 8195970931630187438

107 Kurtz the Sneak (level 4, 0/42 HPs)
             Began as a Naga Delver on Oct 15, 2023.
             Slain by a gnoll
             ... wielding a +0 flail
              (9 damage)
             ... on level 2 of the Dungeon.
             The game lasted 00:03:33 (2670 turns).

Kurtz the Sneak (Naga Delver)                       Turns: 2670, Time: 00:03:34

Health: 0/42       AC:  2    Str: 17    XL:     4   Next: 85%
Magic:  4/4        EV:  9    Int: 10    God:
Gold:   140        SH:  0    Dex: 12    Spells: 3/3 levels left

rFire   . . .        a - +0 hand axe
rCold   . . .        (no shield)
rNeg    . . .        b - +0 leather armour
rPois   +            (no helmet)
rElec   .            (no cloak)
rCorr   .            (no gloves)
SInv    +            (no barding)
Will    .....        (no amulet)
Stlth   +++          (no ring)
HPRegen 0.27/turn    (no ring)
MPRegen 0.09/turn

%: no passive effects
@: very slow
A: AC +1, large, see invisible, deformed body, poison resistance, slowness 2,
spit poison 1, naga tail 1
a: Spit Poison


You were on level 2 of the Dungeon.
You visited 1 branch of the dungeon, and saw 5 of its levels.

You collected 140 gold pieces.

Inventory:

Hand Weapons
 a - a +0 hand axe (weapon)
Missiles
 q - 12 poisoned darts
Armour
 b - a +0 leather armour (worn)
Jewellery
 r - a ring of fire
Wands
 g - a wand of digging (3)
Scrolls
 c - 3 scrolls of fog
 d - 2 scrolls of revelation
 e - 2 scrolls of fear
 i - 2 scrolls of teleportation {unknown}
 j - a scroll of enchant armour {unknown}
 l - 2 scrolls of blinking {unknown}
 o - 3 scrolls of identify {unknown}
 s - a scroll of vulnerability {unknown}
 t - 2 scrolls of amnesia {unknown}
Potions
 f - 3 potions of haste
 h - 2 potions of enlightenment {unknown}
 k - 2 potions of cancellation {unknown}
 m - a potion of attraction {unknown}
 n - 3 potions of degeneration {unknown}
 p - a potion of brilliance {unknown}
 u - a potion of curing {unknown}


   Skills:
 - Level 3.0 Fighting
 * Level 4.9 Axes
 - Level 1.5 Dodging
 - Level 7.2 Stealth


You had 3 spell levels left.
You didn't know any spells.
Your spell library contained the following spells:

 Spells                   Type           Power      Damage    Failure   Level
 Sublimation of Blood     Necr           0%         N/A       56%         2
 Tukima's Dance           Hex            0%         N/A       80%         3
 Anguish                  Hex/Necr       0%         N/A       99%         4
 Animate Dead             Necr           0%         N/A       99%         4
 Cause Fear               Hex            0%         N/A       99%         4
 Passage of Golubria      Tloc           0%         N/A       99%         4
 Petrify                  Tmut/Erth      0%         N/A       99%         4
 Borgnjor's Vile Clutch   Necr/Erth      0%         N/A       100%        5
 Irradiate                Conj/Tmut      0%         3d11      100%        5
 Yara's Violent Unravell  Hex/Tmut       0%         3d3       100%        5
 Death Channel            Necr           0%         N/A       100%        6
 Enfeeble                 Hex            0%         N/A       100%        7


Dungeon Overview and Level Annotations

Branches:
Dungeon (5/15)
 Temple: D:4-7

Altars:
Uskayaw
Xom
Zin

Shops:
D:1 :

Annotations:
D:4 exclusions: sleepcap and 1 more exclusion
D:5 1 runed translucent door


Innate Abilities, Weirdness & Mutations

Your serpentine skin is tough. (AC +1)
You have supernaturally acute eyesight. (SInv)
Armour fits poorly on your strangely shaped body.
Your system is resistant to poisons. (rPois)
You cover ground very slowly.
You can spit poison.
You have a snake-like lower body.


Message History

You climb downwards.
There is a stone staircase leading up here.
There are monsters nearby!
The gnoll shouts! x3
A gnoll comes into view. It is wielding a +0 spear.
The gnoll shouts!
The gnoll closely misses you. The gnoll hits you with a +0 flail.
You climb upwards.
There is a stone staircase leading down here.
You hit the gnoll but do no damage. The gnoll hits you with a +0 flail. x2
You hit the gnoll.
The gnoll is heavily wounded.
The gnoll closely misses you.
You barely miss the gnoll.
The gnoll is heavily wounded.
The gnoll barely misses you.
Unknown command.
You hit the gnoll.
The gnoll is heavily wounded.
The gnoll barely misses you.
You hit the gnoll.
The gnoll is severely wounded.
The gnoll hits you with a +0 flail!
You closely miss the gnoll.
The gnoll is severely wounded.
The gnoll hits you with a +0 flail!
You hit the gnoll but do no damage.
The gnoll is severely wounded.
The gnoll hits you with a +0 flail.
You are too injured to fight recklessly!
You are too injured to fight recklessly!
You hit the gnoll but do no damage.
The gnoll is severely wounded.
The gnoll hits you with a +0 flail.
* * * LOW HITPOINT WARNING * * *
You are too injured to fight recklessly!
You hit the gnoll.
The gnoll is severely wounded.
The gnoll hits you with a +0 flail!
You die...

#.# #.# #.# #.# #.# #.#
#.### #.# ######## #.#.#
#.# #.....)#
#.#.#########.# #......#
#.#)..........#
##......####.#.###########
...............g@#
############.#.#.# #######
#......# ..(...# #..#.#.#
#####.# #......#
#.#####.##.###
#.......##.# #####..###.#
##.## #.#


You could see a gnoll.

Vanquished Creatures
  An iguana (D:4)
  2 adders
  A worm (D:3)
  4 dart slugs
  7 endoplasms
  2 giant cockroaches
  2 goblins (D:1)
  5 hobgoblins
  6 quokkas
  9 ball pythons
  4 bats (D:2)
  4 frilled lizards
  2 kobolds
  4 rats
53 creatures vanquished.

Notes
Turn   | Place    | Note
-------+----------+-------------------------------------------
     0 | D:5      | Kurtz the Naga Delver began the quest for the Orb.
     0 | D:5      | Reached XP level 1. HP: 21/21 MP: 1/1
     4 | D:5      | Found a runed translucent door.
     4 | D:5      | Noticed a human
   161 | D:4      | Reached XP level 2. HP: 28/28 MP: 2/2
   289 | D:4      | Found a glowing silver altar of Zin.
   369 | D:4      | Noticed a +0 hand axe
   370 | D:4      | Noticed a +0 dagger
   371 | D:4      | Found a hide-covered altar of Uskayaw.
   481 | D:4      | Reached XP level 3. HP: 14/34 MP: 3/3
   969 | D:3      | Found a shimmering altar of Xom.
  1027 | D:3      | Reached XP level 4. HP: 37/42 MP: 4/4
  1606 | D:1      | Found a faded altar of an unknown god.
  1765 | D:1      | Found Moeduups's Book Emporium.
  2670 | D:2      | Slain by a gnoll

Illustrated notes

Levels and vault maps discovered:
D:1:      scummos_arrival_simple_fountains, layout_basic,
          ebering_ecumenical_altar_hall, serial_shops, shop_statue
D:2:      layout_basic
D:3:      gammafunk_steamed_eel, layout_basic, tgw_xom, gammafunk_ghost_smash,
          minmay_fractal_squares_diagonal_5
D:4:      layout_basic, mainiacjoe_overflow_alcove_2, dancing_weapons_uskayaw
D:5:      layout_rooms, dk_yredelemnul_ordeal, minmay_temple_entry_crystal_x

Skill      XL: |  1  2  3 |
---------------+----------+-----
Axes           | 3 4 |  4.9
Fighting       | |  3.0
Dodging        | |  1.5
Stealth        | |  7.2

Action                     |  1- 3 |  4- 6 || total
---------------------------+-------+-------++-------
  Melee: Hand axe          |    56 |   101 ||   157
         Punch             |       |     3 ||     3
Ability: Spit Poison       |     3 |       ||     3
   Stab: Sleeping          |     4 |    12 ||    16
 Armour: Leather armour    |    35 |    70 ||   105
  Dodge: Dodged            |    27 |    43 ||    70

Table legend: (Time is in decaauts)
 A = Elapsed time spent in this place.
 B = Non-inter-level travel time spent in this place.
 C = Inter-level travel time spent in this place.
 D = Time resting spent in this place.
 E = Time spent auto-exploring this place.
 F = Levels seen in this place.
 G = Mean time per level.
                   A        B        C        D        E       F      G
               +--------+--------+--------+--------+--------+-----+--------+
         Total |   3433 |   3387 |     46 |    307 |   2237 |   5 |  686.6 |
       Dungeon |   3433 |   3387 |     46 |    307 |   2237 |   5 |  686.6 |
               +--------+--------+--------+--------+--------+-----+--------+

Top non-repeatable levels by time:
     D:1: 1221 daAuts
     D:4: 1065 daAuts
     D:2: 853 daAuts
     D:3: 283 daAuts
     D:5: 9 daAuts
